 Dungeon Sprint DCSS version 0.23.2 (webtiles) character file.

Game seed: 7716163820866564331

58 MartialLaw the Skirmisher (level 4, -4/53 HPs)
             Began as an Ogre Fighter on Mar 31, 2019.
             Slain by a water elemental (5 damage)
             ... in the Dungeon (Sprint III: "The Ten Rune Challenge").
             The game lasted 00:02:19 (372 turns).

MartialLaw the Skirmisher (Ogre Fighter)             Turns: 372, Time: 00:02:20

Health: -4/53      AC:  3    Str: 21    XL:     4   Next: 1%
Magic:  4/4        EV:  9    Int: 11    God:
Gold:   34         SH:  9    Dex: 10    Spells: 3/3 levels left

rFire    . . .     SeeInvis .   a - +0 flail
rCold    . . .     Gourm    .   c - +0 shield
rNeg     . . .     Faith    .   b - +0 robe
rPois    .         Spirit   .   (helmet restricted)
rElec    .         Reflect  .   (no cloak)
rCorr    .         Harm     .   (gloves unavailable)
MR       .....     NoTele   +   (boots unavailable)
Stlth    +.........             (no amulet)
HPRegen  0.17/turn              (no ring)
MPRegen  0.09/turn              (no ring)

@: engulfed (cannot breathe)
A: large, unfitting armour, agile 1, clever 1, tough skin 1
a: no special abilities


You were in the Dungeon.
You were not hungry.

You visited 1 branch You collected 34 gold pieces.

Inventory:

Hand Weapons
 a - a +0 flail (weapon)
Armour
 b - a +0 robe (worn)
 c - a +0 shield (worn)
Scrolls
 g - 2 scrolls of torment {unknown}
 k - a scroll of blinking
 m - 3 scrolls of identify
 n - 3 scrolls of remove curse
Potions
 d - a potion of might
 e - 3 potions of curing
 h - a potion of haste
 i - 2 potions of magic
 j - a potion of berserk rage
 o - 2 potions of flight
 p - a potion of resistance {unknown}
Comestibles
 f - 3 rations


   Skills:
 + Level 6.4 Fighting
 + Level 3.4 Maces & Flails
 + Level 4.4 Dodging
 + Level 4.3 Shields


You had 3 spell levels left.
You didn't know any spells.
Your spell library was empty.

Dungeon Overview and Level Annotations

Branches:
Dungeon (1/1)

Altars:


Innate Abilities, Weirdness & Mutations

You are too large for most types of armour.
You have tough skin. (AC +1)
You are agile. (Dex +2)
Your mind is acute. (Int +2)


Message History

You block the water elemental's attack. The water elemental hits you.
You barely miss the water elemental.
The water elemental is moderately damaged.
Your lungs strain for air!
The water elemental closely misses you.
You hit the water elemental.
The water elemental is heavily damaged.
Your lungs strain for air!
The water elemental hits you!
You hit the water elemental.
The water elemental is heavily damaged.
* * * LOW HITPOINT WARNING * * *
Your lungs strain for air!
You block the water elemental's attack.
You closely miss the water elemental.
The water elemental is heavily damaged.
* * * LOW HITPOINT WARNING * * *
Your lungs strain for air!
The water elemental closely misses you. The water elemental hits you.
You die...

▓<..#...#### ##.#
▓...#......#####..#
▓..##...[...#!!#..#
▓##.##.##...#..#..###+#+#
##.##.###..##'#..#......
▓#.####.##..###...'.⌠....
▓.###..##.W####...#...###
▓#W....##..###..E.# ⌠.#
###..##...##...@.# .#
##..##....#......# #
#..###..##.#.....# #..#
#.. ####....# ▓▓▓▓ ▓▓▓
▓▓▓▓▓▓


You could see a water elemental.

Vanquished Creatures
  Jessica (D)
  A human (D)
  2 oozes (D)
  A phantom (D)
  A rat (D)
6 creatures vanquished.

Vanquished Creatures (others)
  2 draconian scorchers (D)
  A yaktaur (D)
  6 hellions (D)
9 creatures vanquished.

Grand Total: 15 creatures vanquished

Notes
Turn   | Place    | Note
-------+----------+-------------------------------------------
     0 | D        | MartialLaw the Ogre Fighter began the quest for the Orb.
     0 | D        | Reached XP level 1. HP: 24/24 MP: 1/1
    16 | D        | Reached skill level 5 in Fighting
    16 | D        | Reached XP level 2. HP: 20/35 MP: 2/2
    76 | D        | Killed a hellion
    97 | D        | Killed a hellion
   117 | D        | Killed a hellion
   118 | D        | Noticed Jessica
   119 | D        | Killed a hellion
   127 | D        | Killed Jessica
   127 | D        | Reached XP level 3. HP: 40/44 MP: 3/3
   137 | D        | Killed a hellion
   140 | D        | Killed a white draconian scorcher
   155 | D        | Killed a hellion
   156 | D        | HP: 1/44 [human (7)]
   160 | D        | Reached skill level 6 in Fighting
   161 | D        | Killed a yaktaur
   204 | D        | Killed a white draconian scorcher
   230 | D        | Reached XP level 4. HP: 32/53 MP: 4/4
   244 | D        | Gained mutation: You are agile. (Dex +2) [potion of
                  | mutation]
   244 | D        | Gained mutation: Your mind is acute. (Int +2) [potion of
                  | mutation]
   362 | D        | Noticed a water elemental
   372 | D        | HP: 1/53 [drowned by a water elemental (10)]
   372 | D        | Slain by a water elemental

Skill      XL: |  1  2  3 |
---------------+----------+-----
Maces & Flails | 2 3 |  3.4
Dodging        | 3 4 |  4.4
Shields        | 3 4 |  4.3
Fighting       | 5 6 |  6.4

Action                   |  1- 3 |  4- 6 || total
-------------------------+-------+-------++-------
Melee: Flail             |    39 |     6 ||    45
  Use: Potion            |     2 |     1 ||     3
Armor: Robe              |     3 |       ||     3
Dodge: Dodged            |    12 |     2 ||    14
Block: Shield            |     8 |     2 ||    10
